 Dungeon Crawl Stone Soup version 0.18.1-50-g88ac8fd (webtiles) character file.

40065 magog001 the Bludgeoner (level 13, -7/171 HPs)
             Began as a Minotaur Fighter on July 5, 2017.
             Killed from afar by a frost giant (52 damage)
             ... with a bolt of cold
             ... in an ice cave on July 6, 2017.
             The game lasted 02:00:23 (16935 turns).

magog001 the Bludgeoner (Minotaur Fighter)         Turns: 16935, Time: 02:00:24

Health: -7/171     AC: 26    Str: 24    XL:     13   Next: 72%
Magic:  12/12      EV:  2    Int:  5    God:
Gold:   471        SH: 23    Dex: 18    Spells: 0 memorised, 12 levels left

rFire  . . .     SeeInvis .     z - +6 mace (venom)
rCold  . . .     Gourm    .     (armour currently unavailable)
rNeg   + + +     Faith    .     h - +3 shield
rPois  +         Spirit   .     (helmet currently unavailable)
rElec  .         Dismiss  .     (cloak currently unavailable)
rCorr  .         Reflect  +     (gloves currently unavailable)
SustAt .         Harm     .     (boots currently unavailable)
MR     .....     Clarity  +     T - +5 amulet of reflection
Stlth  ++........ NoTele   +    i - +6 ring of dexterity
                                M - +4 ring of slaying

@: tree-form, studying Ice Magic, not resistant to hostile enchantments,
unstealthy
A: (retaliatory headbutt), (horns 0), (large bone plates 0), (molten scales 0),
berserk 1, clarity, subdued magic 1
a: no special abilities


You were in an ice cave.
You were not hungry.
You were a tree.
You visited 4 branches of the dungeon, and saw 18 of its levels.
You also visited: Ice Cave.

You collected 1738 gold pieces.
You spent 1267 gold pieces at shops.

Inventory:

Hand Weapons
 b - a +2 hunting sling of evasion
 z - a +6 mace of venom (weapon)
Missiles
 e - 147 sling bullets
 y - 45 tomahawks (quivered)
 S - 4 tomahawks of returning
Armour
 h - a +3 shield (worn)
 m - a +0 pair of gloves (melded)
 n - a +0 pair of boots (melded)
 E - the +0 cloak of Xidytt (melded) {rF+ Stlth+}
   (You acquired it on level 8 of the Dungeon)

   It protects you from fire.
   It makes you more stealthy.
 H - a +3 leather armour of magic resistance (melded)
Rods
 Z - a +3 rod of shadows (9/9)
   (You found it on level 2 of the Lair of Beasts)
Jewellery
 i - a +6 ring of dexterity (right branch)
 M - a +4 ring of slaying (left branch)
 O - an uncursed ring of positive energy {unknown}
 T - a +5 amulet of reflection (around neck)
Wands
 p - a wand of iceblast (7/15)
 r - a wand of lightning (13/15)
 s - a wand of acid (7/15)
 C - a wand of heal wounds (3/9)
 F - a wand of disintegration (1/24)
 G - a wand of iceblast (2/15)
 J - a wand of flame (0/48)
 K - a wand of paralysis (6/24)
 L - a wand of paralysis (13/24)
 N - a wand of acid (3/15)
 Q - a wand of disintegration (10/24)
 W - a wand of acid (12/15)
Scrolls
 j - 2 scrolls of recharging
 t - 10 scrolls of remove curse
 u - a scroll of identify
 w - a scroll of magic mapping
 x - a scroll of brand weapon
 I - 3 scrolls of fog
 P - a scroll of fear
Potions
 g - 3 potions of agility
 k - 2 potions of flight
 l - a potion of brilliance {unknown}
 q - a potion of invisibility {unknown}
 v - 2 potions of magic
 B - 5 potions of curing
 D - 2 potions of might
 R - a potion of haste {unknown}
 U - 2 potions of resistance
 V - 2 potions of berserk rage
 Y - a potion of lignification
Books
 X - a manual of Ice Magic
Miscellaneous
 A - an ornate deck of changes {drawn: 3}
Comestibles
 a - 6 fruits
 c - 2 chunks of flesh
 d - 7 royal jellies
 f - 4 bread rations
 o - 2 slices of pizza


   Skills:
 + Level 10.6 Fighting
   Level 0.9 Short Blades
   Level 3.4(10.8) Axes
 * Level 15.3(15.4) Maces & Flails
 - Level 3.1(8.0) Slings
 * Level 10.5(10.6) Throwing
 + Level 7.9 Armour
 - Level 2.4 Dodging
 - Level 1.0 Stealth
 + Level 14.9 Shields
 - Level 0.1 Evocations


You had 12 spell levels left.
You didn't know any spells.

Dungeon Overview and Level Annotations

Branches:
Dungeon (11/15)            Temple (0/1) D:6            Lair (4/8) D:10
 Spider (0/4) Lair:4          Orc (2/2) D:9             Elf (1/3) Orc:2
  Swamp: Lair:3-6    Shoals: Lair:3-6

Altars:
Dithmenos
Fedhas
Kikubaaqudgha
Beogh

Shops:
D:9 *(   Orc:1 *   Orc:2 ?}!?


Innate Abilities, Weirdness & Mutations

((You reflexively headbutt those who attack you in melee.))
((You have a pair of horns on your head.))
((You are partially covered in large bone plates (AC +2, SH +2).))
((You are partially covered in molten scales (AC +1).))
You tend to lose your temper in combat.
You possess an exceptional clarity of mind.
Your spells are a little easier to cast, but a little less powerful.


Message History

The +0 cloak of Xidytt {rF+ Stlth+} melds into your body.
Your +0 pair of gloves melds into your body.
Your +0 pair of boots melds into your body.
Your +3 leather armour of magic resistance melds into your body.
You feel less resistant to hostile enchantments.
Your roots penetrate the ground.
Evoke which item? (* to show all) (? for menu, Esc to quit)
Zapping:
C - a wand of heal wounds (5/9)
Press: ? - help, Shift-Dir - straight line, f - you You feel much better.
This wand has 4 charges left.
The frost giant points at you and mumbles some strange words.
The bolt of cold hits you!
* * * LOW HITPOINT WARNING * * *
Evoke which item? (* to show all) (? for menu, Esc to quit)
Zapping:
C - a wand of heal wounds (4/9)
Press: ? - help, Shift-Dir - straight line, f - you You feel much better.
This wand has 3 charges left.
The frost giant casts a spell at you. The bolt of cold hits you!
You die...

### #.. ####.. ##.....
....... #...... # #....C##
### #...♣## ###.÷ ###.†.##
#...# ###..## ##..# ##..#
###.### ####.###≈≈≈##..####
### ###....#≈≈≈≈≈≈##...##
###.#####..####≈≈≈≈≈≈≈≈#..###
###..#.##..####
≈≈≈≈≈≈≈≈≈###..# #..####..###
§#.##≈≈≈≈≈≈≈# ###.


You could see a frost giant.

Vanquished Creatures
  The ghost of magog001 the Blocker, a journeyman MiFi (Lair:1)
  A hydra (Lair:3)
  A death yak (IceCv)
  3 orc high priests (Orc:2)
  The ghost of mopl the Unlucky Spriggan, a journeyman SpAr of Nemelex Xobeh (Lair:3)
  2 hill giants
  4 lindwurms (Lair:2)
  5 orc knights
  4 orc sorcerers (Orc:2)
  An ugly thing (D:10)
  Maurice (D:9)
  A rust devil (D:6)
  2 black mambas
  An ice statue (IceCv)
  Joseph (D:9)
  7 spiny frogs
  Psyche (D:9)
  2 komodo dragons
  A queen bee (D:8)
  3 trolls
  8 blink frogs
  14 polar bears (IceCv)
  A wraith (D:9)
  33 yaks
  A vampire mosquito (D:9)
  A steam dragon (D:9)
  A hungry ghost (D:10)
  6 hippogriffs
  2 wargs (Orc:1)
  7 water moccasins
  4 porcupines
  9 ice beasts
  21 orc warriors
  A wasp (D:7)
  6 sky beasts
  A black bear (D:11)
  8 ogres
  2 centaurs (D:9)
  23 wolves
  6 crocodiles
  2 big kobolds
  6 giant frogs
  7 scorpions
  A water moccasin skeleton (D:5)
  13 killer bees (D:8)
  3 wights (D:7)
  3 electric eels (D:10)
  5 howler monkeys
  4 crimson imps
  5 giant frog zombies
  2 centaur zombies
  3 giant frog skeletons
  16 orc priests
  A centaur skeleton (D:6)
  11 hounds
  2 jellies
  6 iguanas
  18 orc wizards
  6 worker ants
  7 sheep (Lair:1)
  A hound zombie (D:5)
  2 hound skeletons
  A worker ant zombie (D:9)
  13 adders
  A howler monkey skeleton (D:4)
  24 river rats
  2 shadow imps
  2 oozes
  2 adder skeletons (D:4)
  An adder zombie (D:5)
  A worm (D:5)
  5 dart slugs
  7 giant geckos
  91 orcs
  7 giant cockroaches
  5 goblins
  4 hobgoblins
  5 jackals
  8 kobolds
  3 quokkas
  2 ball pythons
  6 bats
  A giant gecko zombie (D:5)
  7 giant newts
  7 rats
527 creatures vanquished.

Vanquished Creatures (others)
  A centaur (D:8)
  An orc wizard (Orc:1)
  4 orcs (D:9)
  A plant (Lair:3)
7 creatures vanquished.

Grand Total: 534 creatures vanquished

Notes
Turn   | Place    | Note
--------------------------------------------------------------
     0 | D:1      | magog001 the Minotaur Fighter began the quest for the Orb.
     0 | D:1      | Reached XP level 1. HP: 19/19 MP: 0/0
   125 | D:1      | Reached XP level 2. HP: 22/27 MP: 1/1
   600 | D:2      | Reached XP level 3. HP: 30/33 MP: 2/2
  1379 | D:3      | Found an ancient bone altar of Kikubaaqudgha.
  1422 | D:3      | Reached XP level 4. HP: 40/40 MP: 3/3
  1774 | D:3      | Found a blossoming altar of Fedhas.
  1848 | D:3      | Reached skill level 1 in Dodging
  1930 | D:3      | Reached XP level 5. HP: 39/46 MP: 4/4
  2281 | D:3      | Reached skill level 5 in Armour
  2356 | D:4      | Reached skill level 1 in Maces & Flails
  2363 | D:4      | Noticed an ogre
  2381 | D:3      | Killed an ogre
  2381 | D:3      | Reached skill level 5 in Fighting
  2381 | D:3      | Reached skill level 5 in Shields
  2381 | D:3      | Reached XP level 6. HP: 24/56 MP: 5/5
  2384 | D:4      | Reached skill level 2 in Maces & Flails
  2911 | D:4      | Reached XP level 7. HP: 54/61 MP: 6/6
  3119 | D:4      | Reached skill level 3 in Maces & Flails
  3488 | D:5      | Entered Level 5 of the Dungeon
  3506 | D:5      | Reached skill level 1 in Throwing
  3691 | D:5      | Reached skill level 4 in Maces & Flails
  3959 | D:5      | Found a shadowy altar of Dithmenos.
  4163 | D:5      | Reached XP level 8. HP: 65/70 MP: 7/7
  4242 | D:5      | Reached skill level 5 in Maces & Flails
  4536 | D:6      | Found a staircase to the Ecumenical Temple.
  4673 | D:6      | Noticed an angel
  4753 | D:6      | Noticed a rust devil
  4801 | D:6      | Killed a rust devil
  4801 | D:6      | Reached skill level 6 in Maces & Flails
  4801 | D:6      | Reached skill level 1 in Slings
  5168 | D:7      | Reached XP level 9. HP: 78/78 MP: 8/8
  5188 | D:7      | Gained mutation: You have sharp toenails. [mutagenic meat]
  5189 | D:7      | Gained mutation: You are occasionally teleported next to monsters. [mutagenic meat]
  5190 | D:7      | Gained mutation: You are partially covered in thin metallic scales (AC +2). [mutagenic meat]
  5191 | D:7      | Lost mutation: You have sharp toenails. [mutagenic meat]
  5192 | D:7      | Lost mutation: You are occasionally teleported next to monsters. [potion of cure mutation]
  5192 | D:7      | Lost mutation: You are partially covered in thin metallic scales (AC +2). [potion of cure mutation]
  5423 | D:7      | Gained mutation: You are partially covered in molten scales (AC +1). [mutagenic meat]
  5427 | D:7      | Gained mutation: You tend to lose your temper in combat. [mutagenic meat]
  5428 | D:7      | Gained mutation: You are partially covered in large bone plates (AC +2, SH +2). [mutagenic meat]
  5429 | D:7      | Gained mutation: You possess an exceptional clarity of mind. [mutagenic meat]
  5430 | D:7      | Gained mutation: Your spells are a little easier to cast, but a little less powerful. [mutagenic meat]
  5469 | D:7      | Reached skill level 7 in Maces & Flails
  6072 | D:8      | Reached skill level 8 in Maces & Flails
  6188 | D:8      | Noticed a queen bee
  6202 | D:8      | Reached skill level 5 in Throwing
  6207 | D:8      | Reached XP level 10. HP: 33/86 MP: 9/9
  6393 | D:8      | Identified a scroll of acquirement
  6394 | D:8      | Got a distressingly furry cloak
  6405 | D:8      | Identified the +0 cloak of Xidytt {rF+ Stlth+} (You acquired it on level 8 of the Dungeon)
  6598 | D:8      | Reached skill level 9 in Maces & Flails
  6720 | D:9      | Reached skill level 1 in Stealth
  6782 | D:9      | Found Siweyt's Weapon Shoppe.
  6793 | D:9      | Bought a +1 hunting sling of freezing for 116 gold pieces
  6869 | D:9      | Noticed Maurice
  6902 | D:9      | Killed Maurice
  6902 | D:9      | Reached skill level 10 in Shields
  7021 | D:9      | Noticed Joseph
  7029 | D:9      | Killed Joseph
  7106 | D:9      | Reached skill level 10 in Maces & Flails
  7205 | D:9      | Noticed Psyche
  7217 | D:9      | Killed Psyche
  7466 | D:9      | Found a staircase to the Orcish Mines.
  7496 | D:9      | Found Raokeiq's Assorted Antiques.
  7499 | D:9      | Bought a wand of acid for 168 gold pieces
  7499 | D:9      | Bought a scroll of identify for 42 gold pieces
  7499 | D:9      | Bought a scroll of teleportation for 63 gold pieces
  7499 | D:9      | Bought a metallic brown potion for 18 gold pieces
  7499 | D:9      | Bought a scroll labeled YGOSKA MEUP for 21 gold pieces
  7499 | D:9      | Bought a scroll labeled WEKUOFR FYWU for 21 gold pieces
  7499 | D:9      | Bought a scroll labeled WOZORIGRES for 21 gold pieces
  7499 | D:9      | Bought a scroll of teleportation for 63 gold pieces
  7499 | D:9      | Bought a scroll of teleportation for 63 gold pieces
  7540 | D:9      | Noticed a hill giant
  7548 | D:9      | Killed a hill giant
  7616 | D:9      | Reached XP level 11. HP: 94/94 MP: 10/10
  7938 | Orc:1    | Entered Level 1 of the Orcish Mines
  7944 | Orc:1    | Noticed an orc knight
  8313 | D:9      | Killed an orc knight
  8313 | D:9      | Reached skill level 11 in Maces & Flails
  8624 | Orc:1    | Found a roughly hewn altar of Beogh.
  8739 | Orc:1    | Found Pacri's General Store.
  8752 | Orc:1    | Bought a scroll of recharging for 104 gold pieces
  8752 | Orc:1    | Bought a scroll of identify for 22 gold pieces
  8752 | Orc:1    | Bought a slice of pizza for 16 gold pieces
  8752 | Orc:1    | Bought a scroll of identify for 22 gold pieces
  8763 | Orc:1    | Bought a wand of iceblast (5/15) for 99 gold pieces
  8888 | Orc:2    | Entered Level 2 of the Orcish Mines
  8888 | Orc:2    | Noticed an orc sorcerer
  8893 | Orc:2    | Killed an orc sorcerer
  8908 | Orc:2    | Found a staircase to the Elven Halls.
  9006 | Orc:2    | Noticed an orc knight
  9051 | Orc:1    | Killed an orc knight
  9356 | Orc:2    | Noticed an orc knight
  9357 | Orc:2    | Noticed an orc high priest
  9357 | Orc:2    | Noticed an orc sorcerer
  9361 | Orc:2    | Noticed a sun demon
  9365 | Orc:2    | Noticed an orc high priest
  9451 | Orc:2    | Killed an orc knight
  9464 | Orc:2    | Killed an orc sorcerer
  9464 | Orc:2    | Reached skill level 12 in Maces & Flails
  9522 | Orc:2    | Killed an orc high priest
  9595 | Orc:2    | Noticed an orc sorcerer
  9597 | Orc:2    | Noticed an orc knight
  9602 | Orc:2    | Noticed an orc knight
  9602 | Orc:2    | Noticed an orc high priest
  9603 | Orc:2    | Noticed an orc sorcerer
  9606 | Orc:2    | Noticed a soul eater
  9762 | Orc:2    | Killed an orc sorcerer
  9771 | Orc:2    | Killed an orc high priest
  9780 | Orc:2    | Killed an orc high priest
  9951 | Orc:2    | Killed an orc knight
  9959 | Orc:2    | Killed an orc knight
  9973 | Orc:2    | Killed an orc sorcerer
  9973 | Orc:2    | Reached XP level 12. HP: 104/104 MP: 11/11
  9988 | Orc:2    | Found Neunefo's Magic Scroll Boutique.
  9988 | Orc:2    | Found Giefif's Distillery.
  9999 | Orc:2    | Found Eqavix's Gadget Boutique.
  9999 | Orc:2    | Found Refir's Magic Scroll Shoppe.
 10009 | Orc:2    | Bought a scroll of magic mapping for 56 gold pieces
 10009 | Orc:2    | Bought a scroll of identify for 32 gold pieces
 10009 | Orc:2    | Bought a scroll of recharging for 152 gold pieces
 10607 | Orc:2    | Bought a potion of curing for 36 gold pieces
 10607 | Orc:2    | Bought a potion of heal wounds for 60 gold pieces
 10607 | Orc:2    | Bought 2 potions of curing for 72 gold pieces
 10694 | Elf:1    | Entered Level 1 of the Elven Halls
 10984 | D:10     | Entered Level 10 of the Dungeon
 11219 | D:10     | Found a staircase to the Lair.
 11452 | D:10     | Reached skill level 13 in Maces & Flails
 11865 | Lair:1   | Entered Level 1 of the Lair of Beasts
 12333 | Lair:1   | Noticed magog001's ghost (journeyman MiFi)
 12373 | Lair:1   | Killed magog001's ghost
 13469 | Lair:2   | Reached skill level 14 in Maces & Flails
 13556 | Lair:2   | Reached skill level 10 in Fighting
 14171 | Lair:2   | Reached XP level 13. HP: 113/113 MP: 12/12
 14250 | Lair:3   | Noticed mopl's ghost (journeyman SpAr)
 14307 | Lair:3   | Killed mopl's ghost
 15579 | Lair:2   | Got a warped dire flail
 15627 | Lair:3   | Identified the +2 dire flail of Sloth {drain, +Inv} (You found it on level 2 of the Lair of Beasts)
 15637 | Lair:3   | Identified a +3 rod of shadows (9/9) (You found it on level 2 of the Lair of Beasts)
 15727 | Lair:4   | Found a frozen archway.
 15772 | IceCv    | Entered an ice cave
 15814 | IceCv    | Reached skill level 15 in Maces & Flails
 16579 | IceCv    | Reached skill level 10 in Throwing
 16878 | IceCv    | Noticed a frost giant
 16935 | IceCv    | Killed from afar by a frost giant

Skill      XL: |  1  2  3  4  5  6  7  8  9 10 11 12 13 |
---------------+----------------------------------------+-----
Armour         | 4 5 6 7 |  7.9
Shields        | 4 5 6 7 9 10 12 13 14 | 14.9
Axes           | 3 |  3.4
Fighting       | 4 5 6 7 8 9 10 | 10.6
Dodging        | 1 2 |  2.4
Maces & Flails | 1 2 4 6 8 10 12 14 15 | 15.3
Throwing       | 1 3 5 6 7 9 10 | 10.5
Slings         | 2 3 |  3.1
Stealth        | 1 |  1.0
Short Blades   | |  0.9
Evocations     | |  0.1

Action                   |  1- 3 |  4- 6 |  7- 9 | 10-12 | 13-15 || total
-------------------------+-------+-------+-------+-------+-------++-------
Melee: War axe           |    83 |       |       |       |       ||    83
       Headbutt          |    10 |    21 |    81 |   170 |    93 ||   375
       Short sword       |       |    25 |       |       |       ||    25
       Great sword       |       |    19 |       |       |       ||    19
       Mace              |       |    74 |   358 |   643 |   274 ||  1349
 Fire: Hunting sling     |       |       |    22 |       |    27 ||    49
Throw: Tomahawk          |       |       |    11 |    34 |    75 ||   120
Evoke: Wand              |       |       |     1 |    59 |    26 ||    86
       Deck              |       |       |       |     1 |     2 ||     3
       Rod               |       |       |       |       |     1 ||     1
  Use: Scroll            |     2 |     5 |    12 |    25 |     8 ||    52
       Potion            |       |     2 |     2 |     6 |     2 ||    12
 Stab: Sleeping          |       |       |       |    15 |       ||    15
       Paralysed         |       |       |       |     4 |       ||     4
  Eat: Chunk             |     1 |       |    17 |    12 |     3 ||    33
       Bread ration      |     1 |       |       |     1 |     1 ||     3
       Fruit             |       |     1 |       |       |       ||     1
       Meat ration       |       |       |     1 |     1 |       ||     2
       Pizza             |       |       |       |     2 |       ||     2
       Beef jerky        |       |       |       |     1 |     1 ||     2
Armor: Scale mail        |    34 |    43 |   166 |    12 |       ||   255
       Leather armour    |       |       |       |    87 |    29 ||   116
Dodge: Dodged            |    23 |    42 |   125 |   112 |    39 ||   341
Block: Shield            |    36 |    55 |   268 |   656 |   222 ||  1237
       Reflection        |       |       |       |    17 |       ||    17
